AoeStats
← Random

African Clearing

505145006Analyzed
4v4 RM · 25d ago on Sep 8, 2026· 26m 37s· 8 players
Game mode
Random Map
Map size
Large (8 player)
Population
200
Speed
Normal
Resources
Standard
Victory
Conquest
Starting age
Dark Age
Ending age
Imperial Age
RankedLock teamsTeams togetherTeam positionsShared explorationLock speedFull tech treeHidden civsTurbo modeCheats
Victory
Defeat
🇨🇳 Georgians · China
1679
+9
🇺🇸 Tatars · United States
1636
+10
🇨🇳 Mongols · China
1630
+11
🇭🇰 Bengalis · Hong Kong SAR China
1625
+11
🇲🇽 Japanese · Mexico
1576
-12
🇲🇽 Malay · Mexico
1520
-11
🇲🇽 Franks · Mexico
1509
-10
🇨🇴 Mapuche · Colombia
1440
-8
六六六
10:25 Feudal Age
11:17 Double-Bit Axe
12:42 Loom
13:57 Wheelbarrow
16:51 Scale Barding Armor
18:37 Forging
18:38 Bloodlines
24:12 Castle Age
24:26 Light Cavalry
25:07 Husbandry
25:31 Chain Barding Armor
25:47 Bow Saw
26:48 Hand Cart
Random
9:23 Loom
11:29 Feudal Age
17:08 Scale Barding Armor
25:19 Castle Age
23:35 Gold Mining
26:04 Bloodlines
25:51 Double-Bit Axe
25:47 Horse Collar
tim.13
4:08 Loom
13:05 Feudal Age
20:52 Castle Age
19:14 Double-Bit Axe
19:50 Stone Mining
21:45 Wheelbarrow
24:14 Horse Collar
Sean
4:18 Loom
9:42 Loom
12:06 Feudal Age
12:39 Double-Bit Axe
13:02 Town Watch
14:54 Fletching
25:14 Castle Age
23:21 Stone Mining
26:17 Bodkin Arrow
25:48 Crossbowman
Bjorn Ironside
13:12 Feudal Age
17:55 Castle Age
18:57 Loom
TheHornyGuy
6:03 Loom
12:31 Feudal Age
13:18 Double-Bit Axe
13:40 Town Watch
27:36 Castle Age
Wazded
3:44 Loom
12:13 Feudal Age
12:47 Double-Bit Axe
13:36 Fletching
26:18 Horse Collar
Viva Cristo
5:03 Loom
13:18 Feudal Age
Connection lost

Rejoining the realm…

Still unreachable

The connection could not be restored.

Session expired

The server has moved on; the page needs a fresh start.